cohdb
Replays
Latest Replays
All Replays
Popular Replays
Top Player Replays
Match Explorer
How It Works
Community
CoH3 Stats
Reddit
Sign in to upload your games and track your stats! →
Sign in with Steam
High elo still nerf L6
Match 30333992
Overview
Messages
Build Orders
End
Vickers Machine Gun Team
Construct Section Command Post
Selects Air and Sea Battlegroup
Dingo Light Scout Car
Infantry Section
ML 3-inch Mortar Team
Construct Platoon Command Post
Selects Supply Surplus
Construct Field Infirmary
Unlock M3 Stuart Light Tanks
M3 Stuart Light Tank
M3 Stuart Light Tank
Grenade Package
Light Vehicle Training
Infantry Section
Selects Centaur Medium Tank
6-pounder Anti-tank Gun Team
6-pounder Anti-tank Gun Team
6-pounder Anti-tank Gun Team
/人◕ ‿‿ ◕人\
BlackJackKing
crosseazain
旧时光
Not Emily Willis™
Cameltoe Joe
KoRneY
Don't Bully Me, I'll Cum
0
0
Comments
sign in to comment!
No comments posted yet!